[Event "Monday Night Swiss 13Rd 5m+1s Starts at 2240hrs"]
[Site "Infinity Chess"]
[Date "2018.1.29"]
[Round "5"]
[White "RonWeasley"]
[Black "Dovahkiin"]
[Result "1/2-1/2"]
[ECO "C53"]
[WhiteElo "2526"]
[BlackElo "2421"]
[WhiteEngine "BrainFish 060118_CTG"]
[BlackEngine "BrainFish_180128_x64_modern_CTG"]
[EventType "Swiss"]
[WhiteTeam ""]
[BlackTeam ""]
[PlyCount "88"]
[TimeControl "300+1"]

1. e4 e5 2. Nf3 Nc6 3. Bc4 Bc5 4. c3 Nf6 5. d3 d6 6. Bb3 O-O 7. O-O a5 8. Bg5 h6 
9. Bh4 g5 10. Bg3 g4 11. Nh4 Nh5 12. a4 Qg5 13. Na3 Bd7 14. Re1 Qf6 15. Kh1 Rae8 
16. Nc2 Bb6 17. Ne3 Bxe3 18. Rxe3 Kh8 19. Re1 Ne7 20. d4 Ng6 21. dxe5 Nxe5 
22. Rf1 Kg7 23. Bc2 Re7 24. f4 gxf3 25. Bxe5 dxe5 26. Nxf3 Kh7 27. Qe1 Rg8 
28. b4 b6 29. Rb1 Be6 30. bxa5 bxa5 31. Rf2 Nf4 32. Nd4 Qg5 33. Nxe6 fxe6 
34. g3 Nh3 35. Rf3 Rd8 36. Qf1 Rd2 37. Qxh3 Rxc2 38. Rbf1 Qg6 39. Qh4 Qg5 
40. Qxg5 hxg5 41. R1f2 Rc1+ 42. Rf1 Rc2 43. R1f2 Rc1+ 44. Rf1 Rc2 1/2-1/2

[Event "Monday Night Swiss 13Rd 5m+1s Starts at 2240hrs"]
[Site "Infinity Chess"]
[Date "2018.1.29"]
[Round "5"]
[White "ocirema"]
[Black "star99"]
[Result "1/2-1/2"]
[ECO "C77"]
[WhiteElo "2487"]
[BlackElo "2436"]
[WhiteEngine "stockfish_18012814_x64_modern_CTG"]
[BlackEngine "Cryptic AIL V2"]
[EventType "Swiss"]
[WhiteTeam ""]
[BlackTeam ""]
[PlyCount "105"]
[TimeControl "300+1"]

1. e4 e5 2. Nf3 Nc6 3. Bb5 a6 4. Ba4 Nf6 5. O-O Be7 6. Re1 b5 7. Bb3 O-O 
8. a4 b4 9. d4 d6 10. dxe5 dxe5 11. Nbd2 Bc5 12. h3 h6 13. Qe2 Bb7 14. Bc4 Nd4 
15. Nxd4 Bxd4 16. a5 Qd6 17. Bd3 Rae8 18. Rb1 Rd8 19. Nb3 c5 20. Nxd4 cxd4 
21. Bd2 Rfe8 22. f3 Nh5 23. Ra1 Rb8 24. Kh2 Re7 25. Rg1 Nf6 26. Rgf1 Bc8 
27. f4 Nd7 28. Qf2 b3 29. Rac1 Bb7 30. cxb3 f5 31. Rfe1 Rbe8 32. b4 Kh8 
33. Kg1 exf4 34. exf5 Re3 35. b5 Ne5 36. Bf1 axb5 37. a6 Bxg2 38. Qxg2 Rg3 
39. Bxf4 Rxg2+ 40. Bxg2 d3 41. Re4 Qxa6 42. Bxe5 d2 43. Rd1 Qc6 44. f6 gxf6 
45. Bxf6+ Kh7 46. Rxe8 Qxe8 47. Bc3 b4 48. Bxb4 Qa4 49. Be4+ Kg8 50. Bd5+ Kh7 
51. Be4+ Kg8 52. Bd5+ Kh7 53. Be4+ 1/2-1/2

[Event "Monday Night Swiss 13Rd 5m+1s Starts at 2240hrs"]
[Site "Infinity Chess"]
[Date "2018.1.29"]
[Round "5"]
[White "SkyPilot"]
[Black "Victorious"]
[Result "1/2-1/2"]
[ECO "C50"]
[WhiteElo "2470"]
[BlackElo "2579"]
[WhiteEngine "stockfish_x64_bmi2_2018_01_23_CTG"]
[BlackEngine "BugChess2.41_Release"]
[EventType "Swiss"]
[WhiteTeam ""]
[BlackTeam ""]
[PlyCount "162"]
[TimeControl "300+1"]

1. e4 e5 2. Nf3 Nc6 3. Bc4 Bc5 4. O-O Nf6 5. d3 d6 6. c3 O-O 7. h3 a6 8. Re1 h6 
9. a4 Ba7 10. Nbd2 Ne7 11. b4 Ng6 12. d4 Bd7 13. Nf1 c6 14. Bd3 a5 15. bxa5 Qxa5 
16. Bd2 Qd8 17. Ng3 c5 18. dxe5 dxe5 19. Bc4 Qc7 20. Qc1 Kh7 21. a5 Bb8 
22. Qa3 Bc6 23. Qxc5 Rd8 24. Qb4 Ba7 25. Ra2 Nf4 26. Qb1 Re8 27. Rb2 Kg8 
28. Nf5 N6h5 29. Nh2 Nf6 30. Nf3 N6h5 31. Bf1 Bc5 32. c4 Nf6 33. Bc3 Nd7 
34. Ne3 Bxe3 35. Rxe3 Nc5 36. Rb5 Bd7 37. Rxc5 Qxc5 38. Qxb7 Bc6 39. Qb6 Qxb6 
40. axb6 f6 41. c5 Ra4 42. Nd2 Kh7 43. Nb3 Rea8 44. g3 Ne6 45. f3 Nd8 
46. Be1 Ne6 47. Rd3 Ra3 48. h4 Ba4 49. Nc1 Rxd3 50. Nxd3 Bb5 51. Bb4 Nd8 
52. Ne1 Bxf1 53. Kxf1 Ra2 54. Nd3 Rc2 55. Ke1 Kg8 56. Kd1 Rc4 57. Kd2 Nb7 
58. Ba3 Kf7 59. Nb2 Rd4+ 60. Kc2 Na5 61. Nd3 Rc4+ 62. Kb2 Rd4 63. Nb4 Ke6 
64. h5 f5 65. exf5+ Kxf5 66. Ka2 Rc4 67. Na6 e4 68. fxe4+ Kxe4 69. Bb4 Kd5 
70. Bxa5 Ra4+ 71. Kb3 Rxa5 72. Nc7+ Kc6 73. Ne6 Ra1 74. Kc2 Re1 75. Nxg7 Re5 
76. g4 Rxc5+ 77. Kd3 Rg5 78. b7 Kxb7 79. Nf5 Rxg4 80. Nxh6 Rg5 81. Nf7 Rxh5 
1/2-1/2

[Event "Monday Night Swiss 13Rd 5m+1s Starts at 2240hrs"]
[Site "Infinity Chess"]
[Date "2018.1.29"]
[Round "5"]
[White "MCDermont"]
[Black "Eman"]
[Result "1/2-1/2"]
[ECO "B97"]
[WhiteElo "2534"]
[BlackElo "2503"]
[WhiteEngine "BrainFish 060118_CTG"]
[BlackEngine "Eman 1.68c 64-bit POPCNT"]
[EventType "Swiss"]
[WhiteTeam ""]
[BlackTeam ""]
[PlyCount "98"]
[TimeControl "300+1"]

1. e4 c5 2. Nf3 d6 3. d4 cxd4 4. Nxd4 Nf6 5. Nc3 a6 6. Bg5 e6 7. f4 Qb6 
8. Qd2 Qxb2 9. Rb1 Qa3 10. e5 h6 11. Bh4 dxe5 12. fxe5 Nfd7 13. Ne4 Qxa2 
14. Rd1 Qd5 15. Qe3 Qxe5 16. Be2 Bc5 17. Bg3 Qd5 18. c4 Bxd4 19. Rxd4 Qa5+ 
20. Rd2 O-O 21. Bd6 f5 22. Bxf8 Nxf8 23. Nd6 Nbd7 24. O-O Qc5 25. Qxc5 Nxc5 
26. Rb1 a5 27. Bh5 a4 28. Rb5 Nfd7 29. Bf7+ Kf8 30. Bxe6 a3 31. Bxf5 a2 
32. Rxa2 Rxa2 33. Nxc8 Ra1+ 34. Kf2 Ra2+ 35. Kg3 Ra3+ 36. Kf2 Ra2+ 37. Kf3 Ra3+ 
38. Ke2 Ra8 39. Nd6 b6 40. Bxd7 Nxd7 41. h3 Ra5 42. Rb2 Ra3 43. Kf2 Rd3 
44. Nf5 Rc3 45. Re2 Nf6 46. Nd6 Rd3 47. Nf5 Rc3 48. Nd6 Rd3 49. Nf5 Rc3 1/2-1/2

[Event "Monday Night Swiss 13Rd 5m+1s Starts at 2240hrs"]
[Site "Infinity Chess"]
[Date "2018.1.29"]
[Round "5"]
[White "BraveDevil"]
[Black "KULLANI"]
[Result "0-1"]
[ECO "D31"]
[WhiteElo "2463"]
[BlackElo "2486"]
[WhiteEngine "Cryptic AIL V2"]
[BlackEngine "BrainFish_180124_x64_CTG"]
[EventType "Swiss"]
[WhiteTeam ""]
[BlackTeam ""]
[PlyCount "208"]
[TimeControl "300+1"]

1. d4 d5 2. c4 e6 3. Nc3 c6 4. e3 Nf6 5. Nf3 Nbd7 6. h3 a6 7. cxd5 exd5 
8. Bd3 Bd6 9. O-O O-O 10. Re1 Re8 11. e4 dxe4 12. Bxe4 h6 13. Bc2 Rxe1+ 
14. Qxe1 Nf8 15. Ne5 Qc7 16. f4 Be6 17. Qf2 N8d7 18. Be3 Nb6 19. Re1 Nbd5 
20. f5 Bd7 21. Nxd5 cxd5 22. Bf4 Rc8 23. Bb3 Bxf5 24. Bxh6 Be6 25. Qg3 Bf8 
26. Be3 Ne4 27. Qf3 Qb6 28. Nd3 Bd6 29. Rb1 a5 30. Rf1 Rc6 31. Qd1 Qc7 
32. Rf3 Qd8 33. Ne5 Rc7 34. Nd3 Rc8 35. Nf4 Qh4 36. Nxe6 fxe6 37. Qe2 g6 
38. Bd1 Kg7 39. Ba4 b6 40. Bd1 Rc7 41. g4 Rf7 42. Kg2 Rxf3 43. Qxf3 Ng5 
44. Bxg5 Qxg5 45. Qe2 Qf6 46. Qf2 b5 47. Qxf6+ Kxf6 48. h4 Bb8 49. g5+ Ke7 
50. a3 b4 51. axb4 axb4 52. Kf3 Ba7 53. Ba4 Bxd4 54. b3 e5 55. Bc6 e4+ 
56. Ke2 Ke6 57. Be8 Be5 58. Bxg6 Bf4 59. Be8 d4 60. Bb5 Ke5 61. Bc4 Kf5 
62. Bb5 Bg3 63. Bd7+ Ke5 64. g6 d3+ 65. Kf1 e3 66. Kg2 e2 67. g7 e1=Q 
68. g8=Q Qf2+ 69. Kh3 Qh2+ 70. Kg4 Qxh4+ 71. Kf3 Qh1+ 72. Kg4 Qh4+ 73. Kf3 Qf4+ 
74. Kg2 Qf2+ 75. Kh3 Qf1+ 76. Kg4 Qf4+ 77. Kh5 Qh4+ 78. Kg6 Qf6+ 79. Kh5 Bf4 
80. Bb5 Qf5+ 81. Kh4 Kd4 82. Qg7+ Ke3 83. Bd7 Qe5 84. Qg1+ Kd2 85. Qg2+ Kc3 
86. Bh3 Qf6+ 87. Kg4 Qg5+ 88. Kf3 Qxg2+ 89. Kxg2 d2 90. Bg4 Kc2 91. Bf5+ Kxb3 
92. Bg4 Kc2 93. Bf5+ Kc1 94. Bg4 b3 95. Kf3 Bd6 96. Ke4 b2 97. Kf5 b1=Q+ 
98. Kf6 Qe4 99. Bh5 d1=R 100. Bxd1 Kxd1 101. Kg5 Be5 102. Kh5 Qf5+ 103. Kh4 Qg6 
104. Kh3 Qg3# 0-1

[Event "Monday Night Swiss 13Rd 5m+1s Starts at 2240hrs"]
[Site "Infinity Chess"]
[Date "2018.1.29"]
[Round "5"]
[White "MGR"]
[Black "HULK"]
[Result "1/2-1/2"]
[ECO "C50"]
[WhiteElo "2532"]
[BlackElo "2515"]
[WhiteEngine "asmFishW_2017-08-25_bmi2"]
[BlackEngine "BrainFish_180124_x64_bmi2_CTG"]
[EventType "Swiss"]
[WhiteTeam ""]
[BlackTeam ""]
[PlyCount "43"]
[TimeControl "300+1"]

1. e4 e5 2. Nf3 Nc6 3. Bc4 Bc5 4. O-O Nf6 5. d3 d6 6. c3 a5 7. Re1 O-O 
8. Nbd2 Be6 9. Bb5 Ne7 10. d4 Ba7 11. h3 Ng6 12. Ba4 Nh5 13. Nxe5 dxe5 
14. Qxh5 exd4 15. Nf3 dxc3 16. bxc3 Qe7 17. Be3 Bxe3 18. Rxe3 Nf4 19. Qe5 Ng6 
20. Qh5 Nf4 21. Qe5 Ng6 22. Qh5 1/2-1/2

[Event "Monday Night Swiss 13Rd 5m+1s Starts at 2240hrs"]
[Site "Infinity Chess"]
[Date "2018.1.29"]
[Round "5"]
[White "MarioDeMonti"]
[Black "Coco69"]
[Result "1/2-1/2"]
[ECO "C53"]
[WhiteElo "2511"]
[BlackElo "2502"]
[WhiteEngine "stockfish_x64_bmi2_2018_01_23_CTG"]
[BlackEngine "Raubfisch X37b4_CTG"]
[EventType "Swiss"]
[WhiteTeam ""]
[BlackTeam ""]
[PlyCount "81"]
[TimeControl "300+1"]

1. e4 e5 2. Nf3 Nc6 3. Bc4 Bc5 4. c3 Nf6 5. d3 a5 6. O-O d6 7. Re1 O-O 
8. Nbd2 Be6 9. Bb5 Ne7 10. d4 Ba7 11. Nf1 exd4 12. Nxd4 Ng6 13. Ba4 c6 
14. Bc2 Bg4 15. f3 Bd7 16. Ng3 Re8 17. Be3 d5 18. Qd2 Ne5 19. b3 dxe4 
20. Nxe4 Nxe4 21. Bxe4 Ng4 22. Bxh7+ Kxh7 23. fxg4 Bxg4 24. Qf2 Qd5 25. Nc2 Bb8 
26. Bb6 Bd6 27. Ne3 Qh5 28. Nxg4 Qxg4 29. a4 Kg8 30. Rad1 Re6 31. h3 Qh5 
32. Rxe6 Qxd1+ 33. Qe1 Qxb3 34. Re8+ Rxe8 35. Qxe8+ Kh7 36. Qe4+ g6 37. Qh4+ Kg8 
38. Qd8+ Kh7 39. Qh4+ Kg8 40. Qd8+ Kh7 41. Qh4+ 1/2-1/2

[Event "Monday Night Swiss 13Rd 5m+1s Starts at 2240hrs"]
[Site "Infinity Chess"]
[Date "2018.1.29"]
[Round "4"]
[White "Eman"]
[Black "mike"]
[Result "1-0 "]
[ECO "D02"]
[WhiteElo "2488"]
[BlackElo "2475"]
[WhiteEngine "Eman 1.68c 64-bit POPCNT"]
[BlackEngine "komodo-11.2.2-64bit"]
[EventType "Swiss"]
[WhiteTeam ""]
[BlackTeam ""]
[PlyCount "229"]
[TimeControl "300+1"]

1. d4 d5 2. Nf3 Bf5 3. c4 e6 4. Nc3 Bb4 5. cxd5 exd5 6. Bg5 Nf6 7. Qb3 Bxc3+ 
8. bxc3 Nbd7 9. e3 O-O 10. Bf4 Nb6 11. h3 Ne4 12. a4 a5 13. Be2 Re8 14. O-O Rc8 
15. Qb2 Qe7 16. Bd3 h6 17. Rfc1 Qe6 18. Qb5 g5 19. Bh2 Nc4 20. Bxc4 dxc4 
21. Ra2 b6 22. d5 Qf6 23. Bxc7 Nxc3 24. Rxc3 Qxc3 25. d6 Qf6 26. d7 Bxd7 
27. Qxd7 Qe6 28. Qxe6 Rxe6 29. Bh2 c3 30. Nd4 Re4 31. Rc2 h5 32. Kf1 Rc4 
33. Nb5 Rxa4 34. Ke2 Re8 35. Bc7 Rc4 36. Bd6 Rd8 37. Be7 Rd7 38. Bf6 Rd2+ 
39. Rxd2 cxd2 40. Na3 Ra4 41. Nc2 b5 42. Kxd2 g4 43. Kd3 gxh3 44. gxh3 Kh7 
45. f3 Kg6 46. Be7 Rc4 47. Bd8 a4 48. f4 Rc8 49. Be7 f6 50. Ba3 Ra8 51. Kc3 Rg8 
52. Nd4 Kh7 53. Nf5 Rg1 54. h4 Kg6 55. Ne7+ Kf7 56. Nf5 Rf1 57. Bb2 Kg6 
58. Ne7+ Kg7 59. Ba3 Kf7 60. Nf5 Rb1 61. Kc2 Re1 62. Bb4 Rh1 63. Ba3 Kg6 
64. Ne7+ Kf7 65. Nf5 Ke6 66. Nd4+ Kd5 67. Kd3 Rd1+ 68. Kc2 Ra1 69. Nxb5 Rh1 
70. Nc3+ Kc4 71. Nxa4 Rh2+ 72. Kc1 Kb3 73. Be7 Kxa4 74. Bxf6 Kb3 75. e4 Kc4 
76. e5 Kd5 77. f5 Kc6 78. Kd1 Rf2 79. e6 Rxf5 80. e7 Kd7 81. e8=Q+ Kxe8 
82. Bg5 Rf2 83. Bd2 Kd7 84. Be3 Rh2 85. Bg5 Ra2 86. Bf6 Kd6 87. Bc3 Ke6 
88. Bd2 Ke5 89. Bg5 Ke4 90. Bh6 Kd3 91. Ke1 Rb2 92. Bf4 Ke4 93. Bc1 Rg2 
94. Bd2 Kf3 95. Bg5 Ra2 96. Bf6 Kg4 97. Bd8 Kf3 98. Bg5 Rg2 99. Bf6 Kf4 
100. Bg5+ Kf3 101. Bf6 Re2+ 102. Kd1 Ra2 103. Bg5 Rf2 104. Bf6 Ke3 105. Bg5+ Ke4 
106. Bc1 Kd3 107. Ke1 Re2+ 108. Kf1 Rh2 109. Bg5 Ke4 110. Ke1 Kf3 111. Bf6 Kf4 
112. Bg5+ Kg3 113. Bd8 Rb2 114. Bg5 Kg4 115. Kd1 1-0

[Event "Monday Night Swiss 13Rd 5m+1s Starts at 2240hrs"]
[Site "Infinity Chess"]
[Date "2018.1.29"]
[Round "4"]
[White "Dovahkiin"]
[Black "ocirema"]
[Result "1/2-1/2"]
[ECO "B23"]
[WhiteElo "2418"]
[BlackElo "2490"]
[WhiteEngine "BrainFish_180128_x64_modern_CTG"]
[BlackEngine "stockfish_18012814_x64_modern_CTG"]
[EventType "Swiss"]
[WhiteTeam ""]
[BlackTeam ""]
[PlyCount "147"]
[TimeControl "300+1"]

1. e4 c5 2. Nc3 d6 3. Nge2 Nf6 4. g3 g6 5. Bg2 Bg7 6. h3 Nc6 7. d3 O-O 
8. Be3 Rb8 9. a4 a6 10. Qd2 b5 11. axb5 axb5 12. O-O b4 13. Nd1 Bb7 14. g4 h5 
15. g5 Nd7 16. f4 Ra8 17. Rxa8 Qxa8 18. f5 Nce5 19. Nf4 gxf5 20. exf5 Nf3+ 
21. Bxf3 Bxf3 22. Ng2 Bxg2 23. Qxg2 Qxg2+ 24. Kxg2 Ra8 25. b3 Ra2 26. Rf2 Ra1 
27. Rf1 Nb6 28. Kf3 Nd5 29. Bg1 Nc3 30. Ne3 Ra2 31. Rf2 Bd4 32. Rd2 Nb5 
33. Re2 Nc3 34. Rd2 Nb5 35. Re2 Kf8 36. f6 exf6 37. gxf6 Ra1 38. Bf2 Bxf6 
39. Nf5 Rc1 40. Be3 Rf1+ 41. Bf2 Ra1 42. Be3 Bb2 43. Ng3 Be5 44. Nxh5 Nc3 
45. Rg2 Rf1+ 46. Bf2 Nd5 47. h4 Rh1 48. Rg5 f6 49. Rg4 Rc1 50. d4 cxd4 
51. Bxd4 Kf7 52. Bxe5 dxe5 53. Rc4 f5 54. Ng3 f4 55. Ne4 Re1 56. h5 Re3+ 
57. Kf2 Kg7 58. Nd6 Rh3 59. h6+ Kf6 60. Rc6 Ne3 61. Nc4+ Kf5 62. Nxe3+ Rxe3 
63. h7 Rh3 64. Rc7 Rh2+ 65. Kg1 Rh4 66. Kf2 Rh3 67. Rf7+ Kg6 68. Re7 Rxh7 
69. Rxe5 Rh2+ 70. Kf3 Rxc2 71. Kxf4 Rf2+ 72. Ke3 Rc2 73. Kd4 Rc3 74. Re3 1/2-1/2

[Event "Monday Night Swiss 13Rd 5m+1s Starts at 2240hrs"]
[Site "Infinity Chess"]
[Date "2018.1.29"]
[Round "4"]
[White "Victorious"]
[Black "RonWeasley"]
[Result "1/2-1/2 "]
[ECO "E20"]
[WhiteElo "2581"]
[BlackElo "2524"]
[WhiteEngine "BugChess2.41_Release"]
[BlackEngine "BrainFish 060118_CTG"]
[EventType "Swiss"]
[WhiteTeam ""]
[BlackTeam ""]
[PlyCount "263"]
[TimeControl "300+1"]

1. d4 Nf6 2. c4 e6 3. Nc3 d5 4. Bg5 dxc4 5. e3 c5 6. Bxc4 cxd4 7. exd4 Be7 
8. Nf3 O-O 9. Qe2 Nc6 10. Rd1 Nd5 11. Bc1 a6 12. O-O b5 13. Bd3 Ncb4 
14. Nxd5 Nxd5 15. Qe4 f5 16. Qe2 Rf6 17. Ne5 Bb7 18. Bd2 Rc8 19. Rc1 Rxc1 
20. Rxc1 Nb4 21. Bb1 Qd5 22. Qf3 Qxf3 23. Nxf3 Nd5 24. Kf1 Bd6 25. Ne5 Rf8 
26. a3 Rc8 27. Rxc8+ Bxc8 28. Ke2 Kf8 29. Ba2 Bc7 30. Bxd5 exd5 31. h4 g6 
32. Nc6 Ke8 33. Ba5 Bd6 34. Bb4 Bc7 35. Ba5 Bd6 36. Kf3 Kd7 37. Ne5+ Ke6 
38. Ke3 Be7 39. Nf3 Kf7 40. Bc7 Bf8 41. Ng5+ Kg8 42. Nh3 Be7 43. g3 Kf7 
44. Ng5+ Kg7 45. Nf3 Kf8 46. Kf4 Bf6 47. Be5 Be7 48. Bc7 Bf6 49. Ne5 Ke8 
50. Nc6 Bd7 51. Be5 Bxh4 52. gxh4 Bxc6 53. Bh8 Kd7 54. Ke5 f4 55. Bf6 b4 
56. axb4 f3 57. Bg5 Kc7 58. b5 axb5 59. b4 Kd7 60. Bf6 Ba8 61. Bh8 Bc6 
62. Bf6 Ba8 63. Bh8 Bb7 64. Kf6 Kd6 65. Kg7 Bc8 66. Kxh7 Bf5 67. Be5+ Ke7 
68. Kg7 Bd3 69. Kh6 Ke6 70. Kg5 Kf7 71. Kf4 Be4 72. Kg5 Bb1 73. Kg4 Be4 
74. Bf4 Ke6 75. Bg5 Kd6 76. Bd8 Kc6 77. Kg5 Kd6 78. Ba5 Bb1 79. Kf6 Kd7 
80. Kg5 Bc2 81. Kf4 Be4 82. Ke5 Kc6 83. Ke6 Bd3 84. Ke7 Bc4 85. Kf6 Bd3 
86. Ke7 Bc2 87. Kf6 Bb1 88. Kg5 Kd6 89. Bb6 Bc2 90. Kg4 Kc6 91. Bd8 Bd1 
92. Kg3 Be2 93. Be7 Kd7 94. Bf8 Ke6 95. Kg4 Kf6 96. Kf4 Bd1 97. Bd6 Ke6 
98. Bf8 Bc2 99. Kg5 Bb1 100. Bh6 Bd3 101. Bf8 Bc2 102. Bc5 Be4 103. Bf8 Kf7 
104. Bc5 Ke6 105. Bb6 Bf5 106. Bc7 Bd3 107. Bd8 Kf7 108. Kf4 Be2 109. Bb6 Kf6 
110. Bd8+ Kf7 111. Kg4 Ke6 112. Bb6 Kf7 113. h5 gxh5+ 114. Kxh5 Bd1 115. Kg5 Bc2 
116. Kf4 Be4 117. Ba5 Ke7 118. Bb6 Kf6 119. Ba5 Ke6 120. Kg5 Bb1 121. Bb6 Be4 
122. Ba5 Kd6 123. Bb6 Bb1 124. Ba5 Be4 125. Bb6 Ke6 126. Kf4 Kf7 127. Ba5 Ke6 
128. Kg3 Kd6 129. Bb6 Ke6 130. Ba5 Ke7 131. Bb6 Kd6 132. Ba5 1/2-1/2

[Event "Monday Night Swiss 13Rd 5m+1s Starts at 2240hrs"]
[Site "Infinity Chess"]
[Date "2018.1.29"]
[Round "4"]
[White "BraveDevil"]
[Black "koalachess"]
[Result "1-0"]
[ECO "C03"]
[WhiteElo "2453"]
[BlackElo "2305"]
[WhiteEngine "Cryptic AIL V2"]
[BlackEngine "asmFishW_2017-11-19_popcnt_CTG"]
[EventType "Swiss"]
[WhiteTeam ""]
[BlackTeam ""]
[PlyCount "181"]
[TimeControl "300+1"]

1. e4 e6 2. d4 d5 3. Nd2 dxe4 4. Nxe4 Nf6 5. Nxf6+ gxf6 6. Nf3 Nc6 7. Bd3 Qd6 
8. O-O b6 9. c4 Bb7 10. d5 Ne5 11. Nxe5 fxe5 12. Re1 O-O-O 13. Bg5 Be7 
14. Bxe7 Qxe7 15. Rxe5 Qb4 16. Qe2 exd5 17. a3 Qa4 18. cxd5 Bxd5 19. g3 Qc6 
20. Re1 Kb8 21. Be4 Rd6 22. Rxd5 Rxd5 23. Bxd5 Qxd5 24. Rd1 Qc6 25. Qe5 Re8 
26. Qf5 Qg6 27. Qf3 f5 28. b4 Rf8 29. Kg2 Qf6 30. h3 a6 31. Rd7 h6 32. Rd5 Ka7 
33. a4 Rf7 34. a5 Qe6 35. axb6+ Kxb6 36. Rc5 c6 37. h4 f4 38. g4 Rf6 39. h5 Kc7 
40. Rc1 Rf8 41. Kh3 Rf7 42. Rc3 Rf8 43. Rd3 Qe5 44. Qd1 Qe6 45. Rd4 Rf7 
46. Rd8 Qe4 47. Ra8 Kb7 48. Rh8 Rh7 49. Rxh7+ Qxh7 50. Qd4 Qb1 51. Kg2 Qc1 
52. Qd7+ Kb6 53. Qd8+ Kb7 54. Qe7+ Ka8 55. Qc5 f3+ 56. Kxf3 Qd1+ 57. Kf4 Kb7 
58. Qe7+ Kb6 59. Qe5 Kb7 60. g5 hxg5+ 61. Kxg5 Qg1+ 62. Qg3 Qh1 63. Qg4 Qd5+ 
64. Qf5 Qd8+ 65. Qf6 Qd5+ 66. Kg6 Qd3+ 67. Kg7 Kb6 68. f4 Qd7+ 69. Kg6 Qg4+ 
70. Kh6 Qd7 71. f5 Qc8 72. Qd4+ Kb5 73. Qg7 Qxf5 74. Qg5 Qd5 75. Qxd5+ cxd5 
76. Kg5 Kc4 77. h6 d4 78. Kf4 d3 79. Ke3 d2 80. Kxd2 Kxb4 81. h7 Kc4 82. h8=Q a5 
83. Qc3+ Kd5 84. Qxa5+ Kd6 85. Kd3 Ke7 86. Ke4 Kd6 87. Kf5 Kc6 88. Ke6 Kb7 
89. Kd6 Kb8 90. Kc6 Kc8 91. Qa8# 1-0

[Event "Monday Night Swiss 13Rd 5m+1s Starts at 2240hrs"]
[Site "Infinity Chess"]
[Date "2018.1.29"]
[Round "4"]
[White "star99"]
[Black "SkyPilot"]
[Result "1/2-1/2"]
[ECO "D11"]
[WhiteElo "2434"]
[BlackElo "2472"]
[WhiteEngine "Cryptic AIL V2"]
[BlackEngine "stockfish_x64_bmi2_2018_01_23_CTG"]
[EventType "Swiss"]
[WhiteTeam ""]
[BlackTeam ""]
[PlyCount "219"]
[TimeControl "300+1"]

1. d4 d5 2. c4 c6 3. Nf3 Nf6 4. e3 e6 5. Bd3 dxc4 6. Bxc4 Nbd7 7. b3 b5 
8. Be2 Bb4+ 9. Nbd2 Bc3 10. Rb1 Bb7 11. Bb2 Bxb2 12. Rxb2 O-O 13. O-O b4 
14. Ne5 c5 15. Nxd7 Nxd7 16. Bf3 Rb8 17. Bxb7 Rxb7 18. Ne4 cxd4 19. Qxd4 Nf6 
20. Nxf6+ Qxf6 21. Qxf6 gxf6 22. Rc1 Rd8 23. h3 Rd5 24. e4 Re5 25. Rc4 f5 
26. exf5 Rxf5 27. Rd2 a5 28. g4 Re5 29. Kg2 h5 30. Rc8+ Kg7 31. Kg3 Rbb5 
32. Rd7 Rbc5 33. Rxc5 Rxc5 34. Ra7 hxg4 35. hxg4 Kg6 36. Ra6 Rc3+ 37. f3 Rc5 
38. Kf4 Rd5 39. Kg3 Kf6 40. Kf4 Rc5 41. Ra7 Rd5 42. Ke4 Re5+ 43. Kd3 Rd5+ 
44. Ke4 Re5+ 45. Kd3 Kg6 46. f4 Rd5+ 47. Ke4 f5+ 48. gxf5+ Rxf5 49. Re7 Kf6 
50. Rb7 Rc5 51. Ra7 Rd5 52. Ra8 Rc5 53. Kd4 Rf5 54. Ke3 Ke7 55. Rc8 Rh5 
56. Rc2 Rh3+ 57. Ke4 Rc3 58. Rh2 Kf6 59. Rh5 a4 60. bxa4 Ra3 61. a5 Ke7 
62. Rb5 Rxa2 63. Ke5 b3 64. Rb7+ Kf8 65. Kxe6 Rxa5 66. Kf6 Ra6+ 67. Kg5 Rc6 
68. Rxb3 Rd6 69. f5 Kf7 70. Ra3 Rb6 71. Ra7+ Kg8 72. Ra8+ Kf7 73. Ra5 Rd6 
74. Ra2 Kf8 75. Ra4 Kg7 76. Ra7+ Kg8 77. Re7 Kf8 78. Rc7 Ra6 79. Rc8+ Ke7 
80. Rb8 Kf7 81. Rb2 Kg8 82. Rb7 Kf8 83. Rb8+ Kf7 84. Rb1 Rc6 85. Rb4 Rd6 
86. Rb5 Ra6 87. Rb7+ Kg8 88. Rb3 Rd6 89. Re3 Rb6 90. Re6 Rb7 91. Re8+ Kf7 
92. Rd8 Rb1 93. Rd7+ Ke8 94. Rg7 Kf8 95. Rc7 Rb6 96. Rc8+ Ke7 97. Rc1 Ra6 
98. Rc4 Rd6 99. Re4+ Kf7 100. Rc4 Kf8 101. Ra4 Kf7 102. Ra3 Kg7 103. Rc3 Kf7 
104. Rb3 Kf8 105. Rb2 Ra6 106. Rg2 Rb6 107. Rf2 Rd6 108. Rc2 Kf7 109. Rc7+ Kf8 
110. Rb7 1/2-1/2

[Event "Monday Night Swiss 13Rd 5m+1s Starts at 2240hrs"]
[Site "Infinity Chess"]
[Date "2018.1.29"]
[Round "4"]
[White "KULLANI"]
[Black "MCDermont"]
[Result "1/2-1/2"]
[ECO "C11"]
[WhiteElo "2484"]
[BlackElo "2536"]
[WhiteEngine "BrainFish_180124_x64_CTG"]
[BlackEngine "BrainFish 060118_CTG"]
[EventType "Swiss"]
[WhiteTeam ""]
[BlackTeam ""]
[PlyCount "243"]
[TimeControl "300+1"]

1. e4 e6 2. d4 d5 3. Nc3 Nf6 4. e5 Nfd7 5. f4 c5 6. Nf3 Nc6 7. Be3 cxd4 
8. Nxd4 Qb6 9. Qd2 Qxb2 10. Rb1 Qa3 11. Bb5 Nxd4 12. Bxd4 a6 13. Bxd7+ Bxd7 
14. Rb3 Qe7 15. Rxb7 Rc8 16. O-O Qd8 17. f5 exf5 18. Rfb1 Qa5 19. Qe3 Be6 
20. Rb8 f4 21. Qxf4 Bc5 22. Rxc8+ Bxc8 23. Qe3 Bxd4 24. Qxd4 O-O 25. Nxd5 h6 
26. Ne7+ Kh7 27. a4 Rd8 28. Qe4+ Kh8 29. Nxc8 Rxc8 30. h3 Re8 31. Re1 Kg8 
32. Re3 Qc7 33. c3 Qb6 34. Qd4 Qc6 35. Kh2 Re6 36. Kh1 Rg6 37. Rf3 Re6 
38. Rf4 Qe8 39. Re4 f6 40. Qd5 Kh8 41. Kg1 Rxe5 42. Rxe5 Qxe5 43. Qxe5 fxe5 
44. h4 Kg8 45. Kf2 Kf7 46. g4 Ke6 47. Ke3 a5 48. Ke4 g6 49. c4 Kd6 50. g5 h5 
51. c5+ Kxc5 52. Kxe5 Kb4 53. Kf6 Kxa4 54. Kxg6 Kb4 55. Kxh5 a4 56. g6 a3 
57. g7 a2 58. g8=Q a1=Q 59. Qf8+ Kb3 60. Qf7+ Kc2 61. Kg6 Qa6+ 62. Qf6 Qc4 
63. h5 Qg4+ 64. Kh6 Kb3 65. Qb6+ Ka2 66. Qa6+ Kb3 67. Qb6+ Ka2 68. Qf6 Ka3 
69. Qa1+ Kb4 70. Qb1+ Kc3 71. Qg6 Qd1 72. Kh7 Qd2 73. h6 Qf4 74. Qg7+ Kc2 
75. Qe7 Qg4 76. Qc5+ Kd2 77. Qd6+ Kc1 78. Qd5 Kb2 79. Qd2+ Kb3 80. Qe3+ Ka2 
81. Qe5 Kb3 82. Qb5+ Ka2 83. Qd5+ Ka1 84. Qe5+ Kb1 85. Qe1+ Kc2 86. Qf2+ Kb1 
87. Qe1+ Kc2 88. Qf2+ Kc1 89. Qe3+ Kc2 90. Qc5+ Kb1 91. Qc6 Qd4 92. Kg8 Qg4+ 
93. Kf7 Qf4+ 94. Kg7 Qd4+ 95. Kg6 Qg4+ 96. Kh7 Kb2 97. Qb6+ Ka2 98. Qf2+ Ka1 
99. Qe1+ Ka2 100. Qd2+ Kb3 101. Qe3+ Ka2 102. Qd3 Qe6 103. Qc2+ Ka3 
104. Qc5+ Kb2 105. Qd4+ Kc2 106. Qf4 Kd1 107. Qf3+ Kd2 108. Qf4+ Ke2 
109. Kg7 Qd7+ 110. Kg6 Qe8+ 111. Kh7 Qd7+ 112. Kg6 Qe8+ 113. Qf7 Qe4+ 
114. Kg7 Qe5+ 115. Qf6 Qg3+ 116. Kf8 Qb8+ 117. Kf7 Qb1 118. Qd6 Qf5+ 
119. Kg7 Qg5+ 120. Kh8 Qf5 121. h7 Qg4 122. Qa6+ 1/2-1/2

[Event "Monday Night Swiss 13Rd 5m+1s Starts at 2240hrs"]
[Site "Infinity Chess"]
[Date "2018.1.29"]
[Round "4"]
[White "HULK"]
[Black "Coco69"]
[Result "1/2-1/2"]
[ECO "C50"]
[WhiteElo "2516"]
[BlackElo "2501"]
[WhiteEngine "BrainFish_180124_x64_bmi2_CTG"]
[BlackEngine "Raubfisch X37b4_CTG"]
[EventType "Swiss"]
[WhiteTeam ""]
[BlackTeam ""]
[PlyCount "97"]
[TimeControl "300+1"]

1. e4 e5 2. Nf3 Nc6 3. Bc4 Bc5 4. O-O Nf6 5. d3 d6 6. c3 a5 7. Bb3 O-O 8. Bg5 h6 
9. Bh4 g5 10. Bg3 g4 11. Nh4 Nh5 12. Kh1 Qg5 13. a4 Kh8 14. Na3 Bd7 15. Nc4 Rad8 
16. Qe2 Be6 17. Rae1 Ba7 18. Qc2 f5 19. Nxf5 Bxf5 20. exf5 Rxf5 21. d4 Rdf8 
22. Ne3 Nxg3+ 23. hxg3 R5f6 24. Nd5 R6f7 25. Re4 exd4 26. cxd4 Bxd4 27. Ne3 Rg7 
28. Qd1 Qh5+ 29. Kg1 Bc5 30. Nd5 Ne5 31. Nf4 Qf5 32. Bc2 Qf7 33. Qd2 b6 
34. Qc3 h5 35. Nd3 Nxd3 36. Bxd3 Qd5 37. Kh2 Bb4 38. Qc2 Qg5 39. Qe2 Qh6 
40. f4 Rgf7 41. Re6 Rf6 42. Re7 R6f7 43. Rxf7 Rxf7 44. Qe8+ Rf8 45. Qe7 Qg7 
46. Qh4 Qh6 47. Qe7 Qg7 48. Qh4 Qh6 49. Qe7 1/2-1/2

[Event "Monday Night Swiss 13Rd 5m+1s Starts at 2240hrs"]
[Site "Infinity Chess"]
[Date "2018.1.29"]
[Round "4"]
[White "MGR"]
[Black "MarioDeMonti"]
[Result "1/2-1/2"]
[ECO "C55"]
[WhiteElo "2533"]
[BlackElo "2510"]
[WhiteEngine "asmFishW_2017-08-25_bmi2"]
[BlackEngine "stockfish_x64_bmi2_2018_01_23_CTG"]
[EventType "Swiss"]
[WhiteTeam ""]
[BlackTeam ""]
[PlyCount "106"]
[TimeControl "300+1"]

1. e4 e5 2. Nf3 Nc6 3. Bc4 Nf6 4. d3 Bc5 5. O-O d6 6. c3 O-O 7. Nbd2 a5 
8. Re1 h6 9. Nf1 a4 10. Ng3 Ra5 11. h3 Bb6 12. Qc2 Bd7 13. Rb1 Qe8 14. b4 axb3 
15. axb3 Be6 16. b4 Ra8 17. Bb3 Bxb3 18. Rxb3 Qe6 19. Bb2 Ra2 20. Ra1 Rxa1+ 
21. Bxa1 Ra8 22. Bb2 Qe8 23. Nd2 Ba7 24. Nf5 b5 25. d4 g6 26. Nxh6+ Kg7 
27. Ng4 Nxg4 28. hxg4 Qe6 29. Qd1 exd4 30. Qc2 Kf8 31. Ra3 Re8 32. cxd4 Bxd4 
33. Qxc6 Bxb2 34. Ra7 Qxg4 35. Rxc7 Qd1+ 36. Nf1 Qd4 37. Qb7 Qxe4 38. Rxf7+ Kg8 
39. Rh7 Qxb7 40. Rxb7 Re5 41. Ne3 Bc3 42. g3 Bxb4 43. Ng4 Re1+ 44. Kg2 Kf8 
45. Rxb5 Bc5 46. Rb7 Re7 47. Rxe7 Kxe7 48. f3 d5 49. f4 Bd6 50. Kf3 Kd7 
51. Ke2 d4 52. Kd3 Bxf4 53. gxf4 Ke6 1/2-1/2